 Dungeon Crawl Stone Soup version 0.31-a0-816-gd61d57ddb1 (webtiles) character file.

Game seed: 8756186817917733880

403 ipx the Cleaver (level 6, 0/53 HPs)
             Began as a Minotaur Monk on Sept 22, 2023.
             Was a Believer of Makhleb.
             Slain by a two-headed ogre
             ... wielding a +0 giant spiked club
              (23 damage)
             ... on level 5 of the Dungeon.
             The game lasted 00:25:44 (1220 turns).

ipx the Cleaver (Minotaur Monk)                     Turns: 1220, Time: 00:25:44

Health: 0/53       AC:  9    Str: 22    XL:     6   Next: 55%
Magic:  5/5        EV:  9    Int:  7    God:    Makhleb [**....]
Gold:   130        SH:  0    Dex: 12    Spells: 5/5 levels left

rFire   . . .        i - +0 hand axe (venom)
rCold   . . .        d - orb {light}
rNeg    . . .        w - +0 chain mail
rPois   .            (helmet restricted)
rElec   .            m - +0 cloak
rCorr   .            (no gloves)
SInv    .            (no boots)
Will    +....        f - amulet of the acrobat Stlth
                     L - ring "Atzyb" {Drain Will++ Str+4 Slay+4}
HPRegen 0.28/turn    (no ring)
MPRegen 0.09/turn

%: acrobat
@: weak-willed, glowing
A: horns 2, retaliatory headbutt
a: Renounce Religion, Minor Destruction


You were on level 5 of the Dungeon.
You worshipped Makhleb.
Makhleb was pleased with you.
You visited 2 branches of the dungeon, and saw 7 of its levels.

You collected 130 gold pieces.

Inventory:

Hand Weapons
 i - a +0 hand axe of venom (weapon)
 o - a +2 mace of protection
Armour
 b - a +0 scale mail
 d - an orb of light (worn)
 m - a +0 cloak (worn)
 w - a +0 chain mail (worn)
Jewellery
 f - an amulet of the acrobat (around neck)
 L - the ring "Atzyb" (left hand) {Drain Will++ Str+4 Slay+4}
   (You acquired it on level 4 of the Dungeon)

   [ring of slaying]

   Str+4:     It affects your strength (+4).
   Slay+4:    It affects your accuracy & damage with ranged weapons and melee
   (+4).
   Will++:    It greatly increases your willpower.
   Drain:     It drains your maximum health when unequipped.
Wands
 s - a wand of paralysis (3)
 v - a wand of flame (42)
Scrolls
 a - 2 scrolls of fog
 h - a scroll of enchant weapon
 l - a scroll of acquirement
 n - a scroll of enchant armour
 t - a scroll of fear {unknown}
 x - a scroll of brand weapon {unknown}
Potions
 c - a potion of ambrosia
 e - a potion of cancellation {unknown}
 g - 3 potions of attraction
 j - a potion of degeneration {unknown}
 k - 2 potions of curing
 p - a potion of lignification {unknown}
 q - a potion of brilliance {unknown}
 r - a potion of might {unknown}
 u - a potion of heal wounds {unknown}


   Skills:
 - Level 4.7 Fighting
 + Level 8.0 Axes
 - Level 3.2 Dodging
 + Level 1.8 Evocations


You had 5 spell levels left.
You didn't know any spells.
Your spell library contained the following spells:

 Spells                   Type           Power      Damage    Failure   Level
 Lesser Beckoning         Tloc           0%         N/A       99%         2
 Gell's Gravitas          Tloc           0%         N/A       100%        3
 Teleport Other           Tloc           0%         N/A       100%        3


Dungeon Overview and Level Annotations

Branches:
Dungeon (6/15)             Temple (1/1) D:4

Altars:
Ashenzari
Cheibriados
Dithmenos
Elyvilon
Fedhas
Gozag
Hepliaklqana
Makhleb
Nemelex Xobeh
Okawaru
Qazlal
Ru
Sif Muna
Uskayaw
Vehumet
Wu Jian
Xom
Yredelemnul
Zin

Annotations:
D:3 2 runed translucent doors, Anon1729's ghost, weakling MiMo


Innate Abilities, Weirdness & Mutations

You have a pair of horns on your head.
You reflexively headbutt those who attack you in melee.


Message History

You hit the iguana.
You kill the iguana!
Makhleb accepts your kill.
You feel better.
You see here an iguana corpse.
Found a long sword.
Found a scroll of vulnerability.
Press: ? - help, v - describe, . - travel, g - get item Item here: a scroll of vulnerability.
The floor.
Unknown command.
You see here a +0 long sword.
An adder comes into view.
You see here a scroll of vulnerability.
y - a scroll of vulnerability You hit the adder.
The adder is poisoned.
The adder is heavily wounded.
The adder closely misses you. You furiously retaliate!
You headbutt the adder!
You kill the adder!
Makhleb accepts your kill.
Your Axes skill increases to level 8!
You see here an adder corpse.
A two-headed ogre comes into view.
It is wielding two +0 giant spiked clubs.
The two-headed ogre shouts in stereo!
Aiming: Paralyse
Press: ? - help, Shift-Dir - straight line, f - two-headed ogre
Aim: a two-headed ogre, wielding two +0 giant spiked clubs (haloed, chance to affect: 36%)
Okay, then.
Unknown command.
Press: ? - help, v - describe, . - travel
Here: a two-headed ogre, wielding two +0 giant spiked clubs (haloed)
The floor.
Unknown command.
Okay, then.
Unknown command.
Unknown command.
As you read the scroll of vulnerability, it crumbles to dust.
Magic quickly surges around you.
The two-headed ogre hits you with a +0 giant spiked club!! x2
You die...

#........<..###.
#.......###..#.. #.
........####.#.# ..
#..........).... ..
#.......####.#.# .#
#...<...# #.#.# .#
#.......# #.#.# .#
#.#####...##.#.##O#.#
#. ###[#....†@...# #
#...#..##.###
##.##..##.# ..#...#.#
#.#)#.# ...#...#
.....#..##
..####.##.### #
#.##...#


You could see a two-headed ogre (weak-willed).

Vanquished Creatures
  An ice beast (D:4)
  An ogre (D:4)
  2 sleepcaps
  An iguana (D:5)
  7 gnolls
  2 adders
  A worm (D:3)
  3 dart slugs
  5 orcs (D:3)
  4 ball pythons
  4 endoplasms
  4 hobgoblins
  3 jackals (D:4)
  11 kobolds
  5 quokkas
  2 bats
  A frilled lizard (D:1)
  3 goblins
  3 rats
63 creatures vanquished.

Notes
Turn   | Place    | Note
-------+----------+-------------------------------------------
     0 | D:1      | ipx the Minotaur Monk began the quest for the Orb.
     0 | D:1      | Reached XP level 1. HP: 19/19 MP: 0/0
    31 | D:1      | Reached skill level 4 in Axes
    62 | D:1      | Reached XP level 2. HP: 21/26 MP: 1/1
   240 | D:2      | Reached skill level 5 in Axes
   324 | D:3      | Reached XP level 3. HP: 26/31 MP: 2/2
   351 | D:3      | Reached skill level 6 in Axes
   351 | D:3      | Reached XP level 4. HP: 32/39 MP: 3/3
   374 | D:3      | Found a large runed translucent door.
   374 | D:3      | Found a large runed translucent door.
   375 | D:3      | Noticed Anon1729's ghost (weakling MiMo)
   585 | D:4      | Identified 2 scrolls of acquirement
   588 | D:4      | Acquired the ring "Atzyb" {Drain Will++ Str+4 Slay+4}
   666 | D:3      | Found a basalt altar of Yredelemnul.
   747 | D:4      | Reached XP level 5. HP: 31/47 MP: 4/4
   803 | D:4      | Noticed an ogre
   832 | D:4      | Killed an ogre
   833 | D:4      | Reached skill level 7 in Axes
   850 | D:5      | Entered Level 5 of the Dungeon
   891 | D:4      | Found a staircase to the Ecumenical Temple.
   891 | D:4      | Noticed an ice beast
   904 | D:4      | Killed an ice beast
   905 | D:4      | Reached skill level 1 in Evocations
   905 | D:4      | Reached XP level 6. HP: 53/53 MP: 5/5
   916 | Temple   | Entered the Ecumenical Temple
   927 | Temple   | Became a worshipper of Makhleb the Destroyer
   927 | Temple   | Reached * piety under Makhleb
   927 | Temple   | Reached ** piety under Makhleb
   966 | D:5      | Found a hide-covered altar of Uskayaw.
   966 | D:5      | Found a stormy altar of Qazlal.
   966 | D:5      | Found a broken altar of Ashenzari.
  1132 | D:5      | Found a blossoming altar of Fedhas.
  1218 | D:5      | Reached skill level 8 in Axes
  1219 | D:5      | Noticed a two-headed ogre
  1220 | D:5      | Slain by a two-headed ogre

Illustrated notes

Levels and vault maps discovered:
D:1:      lightli_iron_boxes, layout_basic, serial_shops, shop, shop,
          nicolae_shop_overgrown_old_shop, shop, shop
D:2:      layout_rooms, feat_on_display
D:3:      layout_basic, mainiacjoe_overflow_chevrons,
          ebering_ghost_disaster_area
D:4:      layout_loops_ring, minmay_temple_entry_ruins
D:5:      layout_rooms, chequers_temple_overflow_statue_of_worship
D:6:      kennysheep_housing_project, layout_basic,
          lemuel_zombie_altar_kikubaaqudgha, serial_park_tiny_1,
          grunt_ministairs_14
Temple:   nicolae_temple_superstar

Skill      XL: |  1  2  3  4  5  6 |
---------------+-------------------+-----
Axes           | 4 5 6 7 8 |  8.0
Fighting       | 4 |  4.7
Evocations     | 1 |  1.8
Dodging        | |  3.2

Action                     |  1- 3 |  4- 6 || total
---------------------------+-------+-------++-------
  Melee: Hand axe          |    49 |    44 ||    93
         Headbutt          |    10 |    14 ||    24
         Whip              |       |    13 ||    13
  Throw: Dart              |       |    11 ||    11
  Evoke: Wand              |       |     1 ||     1
    Use: Scroll            |       |    12 ||    12
 Armour: Robe              |    11 |     7 ||    18
         Ring mail         |       |     5 ||     5
         Scale mail        |       |     6 ||     6
         Chain mail        |       |    11 ||    11
  Dodge: Dodged            |    33 |    28 ||    61

Table legend: (Time is in decaauts)
 A = Elapsed time spent in this place.
 B = Non-inter-level travel time spent in this place.
 C = Inter-level travel time spent in this place.
 D = Time resting spent in this place.
 E = Time spent auto-exploring this place.
 F = Levels seen in this place.
 G = Mean time per level.
                   A        B        C        D        E       F      G
               +--------+--------+--------+--------+--------+-----+--------+
         Total |   1222 |   1203 |     19 |      0 |      0 |   7 |  174.6 |
       Dungeon |   1199 |   1180 |     19 |      0 |      0 |   6 |  199.8 |
        Temple |     22 |     22 |      0 |      0 |      0 |   1 |   22.0 |
               +--------+--------+--------+--------+--------+-----+--------+

Top non-repeatable levels by time:
     D:4: 338 daAuts
     D:2: 250 daAuts
     D:5: 227 daAuts
     D:3: 215 daAuts
     D:1: 164 daAuts
  Temple: 22 daAuts
     D:6: 3 daAuts
